 Dungeon Crawl Stone Soup version 0.26.1-11-gd32895ea62 (webtiles) character file.

Game seed: 17624080941249609950

1434 infcreate the Sneak (level 8, 45/45 HPs)
             Began as a Vampire Necromancer on June 25, 2021.
             Was an Initiate of Kikubaaqudgha.
             Quit the game on level 6 of the Dungeon.
             The game lasted 00:20:07 (7162 turns).

infcreate the Sneak (Vampire Necromancer)           Turns: 7162, Time: 00:20:08

Health: 45/45      AC:  4    Str:  7    XL:     8   Next: 45%
Magic:  13/13      EV: 16    Int: 18    God:    Kikubaaqudgha [......]
Gold:   430        SH:  0    Dex: 16    Spells: 5/14 levels left

rFire    . . .     SeeInvis +   n - +2 dagger (venom)
rCold    + + .     Faith    .   (no shield)
rNeg     + + +     Spirit   .   a - +0 robe
rPois    ∞         Reflect  .   (no helmet)
rElec    .         Harm     .   y - +0 cloak
rCorr    .         Rampage  .   x - +0 pair of gloves
Will     .....                  (no boots)
Stlth    ++++++....             (no amulet)
HPRegen  0.15/turn              (no ring)
MPRegen  0.13/turn              (no ring)

@: bloodless
A: fangs 3, see invisible, unbreathing
a: Bat Form, Revivify, Renounce Religion


You were on level 6 of the Dungeon.
You worshipped Kikubaaqudgha.
Kikubaaqudgha was noncommittal.
You visited 2 branches of the dungeon, and saw 7 of its levels.

You collected 430 gold pieces.


Innate Abilities, Weirdness & Mutations

You do not regenerate when monsters are visible.
You are frail without blood (-20% HP).
You can heal yourself when you bite living creatures.
You are immune to poison.
You have razor-sharp teeth.
You have supernaturally acute eyesight. (SInv)
You can survive without breathing.


   Skills:
 + Level 2.6 Fighting
 * Level 5.0 Short Blades
 * Level 5.5 Dodging
 * Level 7.8 Stealth
 + Level 3.5 Spellcasting
 * Level 6.7 Necromancy


You had 5 spell levels left.
You knew the following spells:

 Your Spells              Type           Power        Failure   Level
a - Animate Skeleton      Necr           54%          1%          1
d - Animate Dead          Necr           13%          10%         4
p - Pain                  Necr           100%         1%          1
v - Vampiric Draining     Necr           13%          3%          3

Your spell library contained the following spells:

 Spells                   Type           Power        Failure   Level
 Summon Small Mammal      Summ           12%          16%         1
 Call Imp                 Summ           3%           24%         2
 Agony                    Necr           27%          26%         5
 Call Canine Familiar     Summ           3%           43%         3
 Summon Guardian Golem    Hex/Summ       3%           43%         3
 Summon Ice Beast         Ice/Summ       3%           83%         4
 Summon Lightning Spire   Summ/Air       3%           83%         4

Inventory:

Hand Weapons
 n - a +2 dagger of venom (weapon)
Armour
 a - a +0 robe (worn)
 x - a +0 pair of gloves (worn)
 y - a +0 cloak (worn)
Jewellery
 b - an uncursed ring of magical power {unknown}
 s - an uncursed amulet of guardian spirit {unknown}
 u - an uncursed ring of ice {unknown}
 v - an uncursed ring of wizardry {unknown}
Scrolls
 d - 3 scrolls of teleportation {@r4}
 e - a scroll of fear
 g - a scroll of remove curse {unknown}
 j - a scroll of blinking
 k - a scroll of amnesia
 m - a scroll of immolation
 o - a scroll of noise {unknown}
 p - a scroll of magic mapping
 t - a scroll of fog {unknown}
 w - 2 scrolls of enchant armour {unknown}
Potions
 c - a potion of brilliance {unknown}
 f - a potion of magic
 h - a potion of might {unknown}
 i - a potion of resistance {unknown}
 l - 5 potions of curing {@q1}
 q - a potion of attraction {unknown}
 r - a potion of haste {unknown}
 z - a potion of ambrosia {unknown}
 A - a potion of experience {unknown}

Dungeon Overview and Level Annotations

Branches:
Dungeon (6/15)             Temple (1/1) D:5

Altars:
Ashenzari
Cheibriados
Dithmenos
Elyvilon
Fedhas
Gozag
Hepliaklqana
Kikubaaqudgha
Makhleb
Nemelex Xobeh
Okawaru
Qazlal
Ru
Sif Muna
Trog
Uskayaw
Vehumet
Wu Jian
Xom
Yredelemnul
Zin
The Shining One

Annotations:
D:3 2 runed translucent doors, Tramtrist's ghost, amateur DDFi
D:5 Grinder

........#..........#
▒.⌠.⌠.▒.#..........#
........##.<......####
▒.....▒.#......)......
...⚑....#.#.##....####
▒.....▒.....>..####
...............######
▒.⌠.⌠.▒..............
.............@...###
▒..[..▒..........#
.................#
....####.........#
####
#..........##......
..........#>.#.....
##.........#.......
#................##
### ...#.......##...


There were no monsters in sight!


Message History

The shadow imp is poisoned.
Your bite misses the shadow imp.
The shadow imp is moderately wounded.
You hit the shadow imp.
The shadow imp is severely wounded.
The shadow imp hits you but does no damage.
You completely miss the shadow imp. Your bite misses the shadow imp.
The shadow imp is almost dead.
The shadow imp hits you but does no damage.
You hit the shadow imp.
You kill the shadow imp!
Kikubaaqudgha accepts your kill.
Your Short Blades skill increases to level 5!
A - a sedimented inky potion
Things that are here:
a +2 whip of freezing; a +0 robe You start resting.
Magic restored.
HP restored.
There is a stone staircase leading down here.
You climb downwards.
There is a stone staircase leading up here.
There is a stone staircase leading down here.
y - a cloak
Okay, then.
You finish putting on your +0 cloak.
You finish putting on your +0 pair of gloves.
Found a scale mail.
w - 2 scrolls labelled VYEMED MEGOL (gained 1)
d - 3 scrolls of teleportation {@r4} (gained 1) Are you sure you want to abandon this character and quit the game? (Confirm with "yes".)

Skill      XL: |  1  2  3  4  5  6  7  8 |
---------------+-------------------------+-----
Short Blades   | 1 2 3 4 5 |  5.0
Stealth        | 4 5 7 |  7.8
Dodging        | 3 4 5 |  5.5
Fighting       | 1 2 |  2.6
Necromancy     | 5 6 |  6.7
Spellcasting   | 3 |  3.5

Action                   |  1- 3 |  4- 6 |  7- 9 || total
-------------------------+-------+-------+-------++-------
Melee: Unarmed           |     1 |       |       ||     1
       Dagger            |     7 |    47 |    82 ||   136
       Bite              |     1 |     6 |     8 ||    15
 Cast: Pain              |    57 |    91 |    10 ||   158
       Vampiric Draining |       |     9 |    12 ||    21
 Abil: Exsanguinate      |     1 |       |       ||     1
  Use: Scroll            |     3 |     1 |     5 ||     9
       Potion            |       |       |     2 ||     2
 Stab: Sleeping          |     7 |    13 |     7 ||    27
Armor: Robe              |     1 |     2 |    12 ||    15
Dodge: Dodged            |    11 |    58 |    61 ||   130

Levels and vault maps discovered:
D:1:      minmay_arrival_nine_rooms, layout_loops_cross, supply_closet_lemuel,
          minivault_14, minmay_hexomino_r4
D:2:      layout_basic, gammafunk_temple_overflow_elements, uniq_natasha
D:3:      layout_loops_ring, overflow_temple_1_default,
          ebering_ghost_disaster_area
D:4:      layout_cave_pools, hangedman_ru_absence, serial_park,
          serial_park_square3 [serial_park_minivault_5x5_2], serial_park_square3
          [serial_park_minivault_5x5_5], serial_park_tiny_pond,
          serial_park_square2
D:5:      layout_basic, minmay_temple_entry_ruins, uniq_grinder
D:6:      layout_rooms, dancing_weapons_uskayaw, elyvilon_altar_5,
          minmay_misc_feat_ornament, uniq_pikel, uniq_menkaure
Temple:   nicolae_temple_x_marks_the_god

Notes
Turn   | Place    | Note
-------+----------+-------------------------------------------
     0 | D:1      | infcreate the Vampire Necromancer began the quest for the
                  | Orb.
     0 | D:1      | Reached XP level 1. HP: 13/13 MP: 3/3
   304 | D:1      | Found a shimmering altar of Xom.
   319 | D:1      | Reached XP level 2. HP: 15/15 MP: 3/5
   441 | D:1      | Learned a level 1 spell: Animate Skeleton
   467 | D:1      | Reached skill level 1 in Short Blades
   812 | D:1      | Reached XP level 3. HP: 18/20 MP: 2/6
  1398 | D:2      | Noticed Natasha
  1622 | D:2      | Learned a level 3 spell: Vampiric Draining
  1662 | D:2      | Reached skill level 4 in Stealth
  1662 | D:2      | Reached XP level 4. HP: 24/24 MP: 3/7
  1750 | D:2      | Reached skill level 3 in Dodging
  1759 | D:2      | Found a shimmering blue altar of Sif Muna.
  1759 | D:2      | Found a shimmering altar of Xom.
  1849 | D:2      | Killed Natasha
  1850 | D:2      | Reached skill level 1 in Fighting
  1850 | D:2      | Reached skill level 2 in Short Blades
  2031 | D:3      | Found an ornate altar of the Wu Jian Council.
  2140 | D:3      | Reached skill level 5 in Necromancy
  2212 | D:3      | Reached XP level 5. HP: 26/29 MP: 4/8
  2656 | D:3      | Found a large runed translucent door.
  2656 | D:3      | Found a large runed translucent door.
  2660 | D:3      | Noticed Tramtrist's ghost (amateur DDFi)
  2943 | D:4      | Reached skill level 5 in Stealth
  3298 | D:3      | Reached XP level 6. HP: 18/34 MP: 0/9
  3532 | D:3      | Learned a level 4 spell: Animate Dead
  3584 | D:3      | Reached skill level 3 in Short Blades
  4076 | D:3      | Reached skill level 4 in Dodging
  5095 | D:4      | Found a sacrificial altar of Ru.
  5202 | D:5      | Entered Level 5 of the Dungeon
  5208 | D:5      | Reached XP level 7. HP: 39/39 MP: 11/11
  5241 | D:5      | Found a staircase to the Ecumenical Temple.
  5265 | Temple   | Entered the Ecumenical Temple
  5299 | Temple   | Became a worshipper of Kikubaaqudgha
  5342 | D:5      | Reached skill level 6 in Stealth
  5592 | D:5      | Reached skill level 3 in Spellcasting
  5630 | D:5      | Reached skill level 2 in Fighting
  5638 | D:5      | Reached skill level 6 in Necromancy
  5897 | D:5      | Noticed Grinder
  5938 | D:5      | Reached skill level 4 in Short Blades
  6107 | D:6      | Found a hide-covered altar of Uskayaw.
  6107 | D:6      | Noticed a +0 hand axe
  6107 | D:6      | Noticed a +0 dagger
  6379 | D:6      | Noticed Pikel
  6717 | D:6      | Found a white marble altar of Elyvilon.
  6880 | D:6      | Paralysed by Pikel for 5 turns
  6891 | D:5      | Killed Pikel
  6892 | D:5      | Reached skill level 5 in Dodging
  6892 | D:5      | Reached skill level 7 in Stealth
  6892 | D:5      | Reached XP level 8. HP: 10/45 MP: 0/13
  6900 | D:5      | Reached skill level 5 in Short Blades
  7162 | D:6      | Quit the game

Vanquished Creatures
  Pikel (D:5)
  An ice beast (D:5)
  2 sky beasts (D:5)
  A lemure (D:5)
  2 scorpions
  A howler monkey (D:3)
  A jelly (D:5)
  3 hounds
  3 orc priests
  Natasha (D:2)
  An orc wizard (D:3)
  2 worker ants
  A howler monkey zombie (D:6)
  2 worker ant zombies
  10 adders
  2 shadow imps
  A white imp (D:6)
  An adder zombie (D:5)
  2 worms
  A dart slug (D:2)
  3 leopard geckos
  8 orcs
  2 ball pythons
  8 bats
  3 giant cockroaches
  9 goblins
  7 hobgoblins
  9 jackals
  2 quokkas
  9 frilled lizards
  12 kobolds
  A leopard gecko skeleton (D:4)
  7 rats
119 creatures vanquished.

Vanquished Creatures (others)
  3 plants (D:4)
3 creatures vanquished.

Grand Total: 122 creatures vanquished

Table legend: (Time is in decaauts)
 A = Elapsed time spent in this place.
 B = Non-inter-level travel time spent in this place.
 C = Inter-level travel time spent in this place.
 D = Time resting spent in this place.
 E = Time spent auto-exploring this place.
 F = Levels seen in this place.
 G = Mean time per level.
                   A        B        C        D        E       F      G
               +--------+--------+--------+--------+--------+-----+--------+
         Total |   7155 |   6513 |    642 |   3567 |      0 |   7 | 1022.1 |
       Dungeon |   7111 |   6469 |    642 |   3567 |      0 |   6 | 1185.2 |
        Temple |     44 |     44 |      0 |      0 |      0 |   1 |   44.0 |
               +--------+--------+--------+--------+--------+-----+--------+

Top non-repeatable levels by time:
     D:3: 2080 daAuts
     D:5: 1664 daAuts
     D:1: 1101 daAuts
     D:4: 1065 daAuts
     D:2: 960 daAuts
     D:6: 239 daAuts
  Temple: 44 daAuts

Table legend:
 A = Non-vault XP
 B = Vault XP
 C = Vault XP percentage of total XP
 D = Non-vault monster count
 E = Vault monster count
 F = Vault count percentage of total count
                 A         B        C        D         E       F
            +---------+---------+-------+---------+---------+-------
      Total |    1226 |     823 |  40.2 |     110 |       8 |   6.8
            +---------+---------+-------+---------+---------+-------
        D:1 |      42 |       3 |   6.7 |      25 |       2 |   7.4
        D:2 |      75 |      36 |  32.4 |      22 |       1 |   4.3
        D:3 |     253 |      77 |  23.3 |      28 |       2 |   6.7
        D:4 |     187 |      56 |  23.0 |      16 |       2 |  11.1
        D:5 |     613 |     651 |  51.5 |      14 |       1 |   6.7
        D:6 |      56 |       0 |   0.0 |       5 |       0 |   0.0
            +---------+---------+-------+---------+---------+-------
